 Dungeon Crawl Stone Soup version 0.29-a0-384-g6960b1960d (webtiles) character file.

Game seed: 16904637302886690303

6 ytrimaz the Insei (level 1, -2/13 HPs)
             Began as an Octopode Transmuter on May 6, 2022.
             Slain by a kobold
             ... wielding a +0 short sword
              (5 damage)
             ... on level 1 of the Dungeon.
             The game lasted 00:00:17 (424 turns).

ytrimaz the Insei (Octopode Transmuter)              Turns: 424, Time: 00:00:18

Health: -2/13      AC:  1    Str:  9    XL:     1   Next: 90%
Magic:  2/3        EV: 13    Int: 15    God:
Gold:   20         SH:  0    Dex: 12    Spells: 3/4 levels left

rFire   . . .      SeeInvis .     - Unarmed
rCold   . . .      Faith    .   (no shield)
rNeg    . . .      Spirit   .   (helmet currently unavailable)
rPois   .          Reflect  .   (no amulet)
rElec   .          Harm     .   (no ring)
rCorr   .          Rampage  .   (no ring)
Will    .....                   (no ring)
Stlth   ++........              (no ring)
HPRegen 0.04/turn               (no ring)
MPRegen 0.08/turn               (no ring)
                                (no ring)
                                (no ring)

@: appendages (expiring)
A: tentacle spike 3, almost no armour, amphibious, 8 rings, camouflage 1,
gelatinous body 1, (nimble swimmer 1), tentacles
a: End Transformation


You were on level 1 of the Dungeon.
One of your tentacles had grown a beastly spike.
You visited 1 branch of the dungeon, and saw 1 of its levels.

You collected 20 gold pieces.

Inventory:

Potions
 a - a potion of lignification
 b - a potion of brilliance {unknown}


   Skills:
 - Level 1.0 Fighting
 * Level 2.1 Dodging
 + Level 3.2 Unarmed Combat
 + Level 2.0 Spellcasting
 + Level 2.0 Transmutations


You had 3 spell levels left.
You knew the following spells:

 Your Spells              Type           Power      Damage    Failure   Level
a - Beastly Appendage     Tmut           14%        N/A       10%         1

Your spell library contained the following spells:

 Spells                   Type           Power      Damage    Failure   Level
 Wereblood                Tmut           7%         N/A       14%         2
 Spider Form              Tmut/Pois      4%         N/A       41%         3
 Ice Form                 Ice/Tmut       4%         N/A       82%         4


Dungeon Overview and Level Annotations

Branches:
Dungeon (1/15)

Altars:


Innate Abilities, Weirdness & Mutations

One of your tentacles has grown a beastly spike.
You cannot wear most types of armour.
You are amphibious.
You can wear up to eight rings at the same time.
Your skin changes colour to match your surroundings (Stealth+).
Your rubbery body absorbs attacks. (AC +1, EV +1)
((You are camouflaged when in or above water. (Stealth+)))
You have tentacles for arms and can constrict up to eight enemies at once.


Message History

The goblin completely misses you.
A kobold comes into view. It is wielding a +0 club.
The kobold shouts!
You tentacle-slap the goblin but do no damage.
You grab the goblin. You squeeze the goblin.
You kill the goblin!
A rat comes into view.
The jackal barely misses you. The jackal attacks as you move away!
The jackal closely misses you. The jackal misses you.
You see here a +0 pair of gloves.
The jackal bites you.
One of your tentacles grows a vicious spike.
The jackal barely misses you.
You closely miss the jackal. Your grab misses the jackal.
You tentacle-slap the jackal, but do no damage.
Your squeeze misses the jackal. The jackal barely misses you.
You tentacle-slap the jackal but do no damage.
Your grab misses the jackal. Your squeeze misses the jackal.
The jackal bites you. The jackal barely misses you.
You are too injured to fight recklessly!
You tentacle-slap the jackal but do no damage.
Your grab misses the jackal.
You pierce the jackal.
The jackal is lightly wounded.
Your transformation is almost over.
The jackal closely misses you. The jackal misses you.
You are too injured to fight recklessly!
You tentacle-slap the jackal.
You kill the jackal!
The jackal bites you.
* * * LOW HITPOINT WARNING * * *
The jackal closely misses you.
The rat twitches its whiskers.
You are too injured to fight recklessly!
You closely miss the kobold. You grab the kobold.
You pierce the kobold, but do no damage.
Your squeeze misses the kobold. You constrict the kobold.
The jackal misses you.
The kobold hits you with a +0 short sword.
You die...

#..# #.# ##.# ..... #.#
#.# #####....# #.##
##.......####..##
####...#### ...##..#
.........#####.###.##
#......#.........#..#
#......#.###h.##..#.#
#......#.rKK@####.#.####
..........#### #......#
...".....)# ##..##.#
#..#...#..# ##....
#...#..# ###### #...#..#
!.......# .........#
###########


You could see a jackal, 2 kobolds and a rat.

Vanquished Creatures
  A goblin (D:1)
  A hobgoblin (D:1)
  A jackal (D:1)
  A quokka (D:1)
  A ball python (D:1)
5 creatures vanquished.

Notes
Turn   | Place    | Note
-------+----------+-------------------------------------------
     0 | D:1      | ytrimaz the Octopode Transmuter began the quest for the
                  | Orb.
     0 | D:1      | Reached XP level 1. HP: 13/13 MP: 3/3
   424 | D:1      | Slain by a kobold

Illustrated notes

Levels and vault maps discovered:
D:1:      ebering_trefoil_twist, layout_rooms,
          hellmonk_ecumenical_altar_lost_god

Action                   || total
-------------------------++-------
Melee: Unarmed           ||    17
       Constrict         ||     5
       Kick              ||     4
       Punch             ||     3
       Tentacles         ||     2
 Cast: Beastly Appendage ||     2
Dodge: Dodged            ||    22

Table legend: (Time is in decaauts)
 A = Elapsed time spent in this place.
 B = Non-inter-level travel time spent in this place.
 C = Inter-level travel time spent in this place.
 D = Time resting spent in this place.
 E = Time spent auto-exploring this place.
 F = Levels seen in this place.
 G = Mean time per level.
                   A        B        C        D        E       F      G
               +--------+--------+--------+--------+--------+-----+--------+
         Total |    423 |    423 |      0 |      0 |    375 |   1 |  423.0 |
       Dungeon |    423 |    423 |      0 |      0 |    375 |   1 |  423.0 |
               +--------+--------+--------+--------+--------+-----+--------+

Top non-repeatable levels by time:
     D:1: 423 daAuts
